 Dungeon Crawl Stone Soup version 0.27-a0-1189-gb8eb6cee8e (webtiles) character file.

Game seed: 8524488487524318386

4107 armax the Blocker (level 10, 0/88 (92) HPs)
             Began as a Deep Dwarf Fighter on May 22, 2021.
             Slain by a gnoll sergeant
             ... wielding a +2 antimagic spear
              (1 damage)
             ... on level 8 of the Dungeon.
             The game lasted 00:04:14 (4239 turns).

armax the Blocker (Deep Dwarf Fighter)              Turns: 4239, Time: 00:04:15

HP:   0/88 (92)     AC: 14    Str: 21 (23) XL:     10   Next: 6%
MP:   0/5           EV:  5    Int:  7 (9)  God:
Gold: 241           SH: 11    Dex: 11 (12) Spells: 9/9 levels left

rFire    . . .     SeeInvis .   a - +0 war axe
rCold    . . .     Faith    .   c - +0 kite shield
rNeg     . . .     Spirit   .   m - +0 plate armour
rPois    .         Reflect  .   (no helmet)
rElec    .         Harm     .   i - +0 cloak
rCorr    .         Rampage  .   (no gloves)
Will     +....                  (no boots)
Stlth    ..........             (no amulet)
HPRegen  0.00/turn              (no ring)
MPRegen  0.09/turn              (no ring)

@: mighty, lethally poisoned (0 -> 0), flying, lightly drained
A: damage resistance, heal wounds, sense surroundings 2, no regeneration
a: Heal Wounds


You were on level 8 of the Dungeon.
You visited 2 branches of the dungeon, and saw 9 of its levels.
You also visited: Ossuary.

You collected 241 gold pieces.

Inventory:

Hand Weapons
 a - a +0 war axe (weapon)
Armour
 c - a +0 kite shield (worn)
 i - a +0 cloak (worn)
 m - a +0 plate armour (worn)
Jewellery
 C - a ring of willpower
Wands
 b - a wand of iceblast (14) {@v2}
 y - a wand of charming (1)
 z - a wand of acid (5) {@v1}
 B - a wand of polymorph (18)
 D - a wand of paralysis (10)
Scrolls
 h - 5 scrolls of teleportation {unknown}
 j - a scroll of blinking {unknown}
 k - 2 scrolls of identify {unknown}
 l - a scroll of summoning {unknown}
 p - 2 scrolls of immolation
 w - a scroll of magic mapping {unknown}
 A - a scroll of amnesia {unknown}
Potions
 e - 8 potions of degeneration
 f - a potion of invisibility {unknown}
 g - 3 potions of haste {unknown}
 n - a potion of berserk rage {unknown}
 o - a potion of brilliance {unknown}
 q - 2 potions of mutation {unknown}
 r - a potion of heal wounds {unknown}
 s - 2 potions of flight
 t - 2 potions of curing {unknown}
 u - a potion of cancellation {unknown}
 v - a potion of resistance {unknown}
 x - a potion of attraction {unknown}


   Skills:
 + Level 6.6 Fighting
 * Level 9.0 Axes
 + Level 7.9 Armour
 * Level 9.3 Shields


You had 9 spell levels left.
You didn't know any spells.
Your spell library was empty.

Dungeon Overview and Level Annotations

Branches:
Dungeon (8/15)             Temple (1/1) D:6         Ossuary (visited)
   Lair: D:8-11

Altars:
Ashenzari
Cheibriados
Dithmenos
Fedhas
Gozag
Hepliaklqana
Kikubaaqudgha
Nemelex Xobeh
Ru
Sif Muna
Trog
Vehumet
Wu Jian
Xom
Zin
The Shining One

Annotations:
D:5 3 runed translucent doors, Orlauf's ghost, novice DsGl
D:8 Erica


Innate Abilities, Weirdness & Mutations

You are resistant to damage.
You can heal yourself by infusing magical energy.
You passively map the area around you.
You do not regenerate.


Message History

Your magical essence is drained by the effort!
You feel much better. The bullfrog barely misses you.
Erica points at you and mumbles some strange words.
The lance of force misses you. The orc hits you but does no damage.
The gnoll hits you but does no damage.
The gnoll sergeant hits you from afar with a +2 antimagic spear.
You block the bullfrog's attack.
You closely miss the bullfrog. You closely miss Erica. You slash the gnoll!
The bullfrog hits you but does no damage.
Erica gestures at you while chanting.
You easily resist.
You block the orc's attack. The gnoll hits you but does no damage.
The gnoll sergeant hits you from afar with a +2 antimagic spear.
You slash the gnoll!
You kill the gnoll!
You hit the gnoll. You slash Erica! You slash the bullfrog!
You kill the bullfrog!
You block the gnoll's attack.
Erica points at you and mumbles some strange words.
The lance of force hits you!
You are knocked back by the lance of force.
You slam into the rock wall!
The orc hits you from afar with a +0 trident.
The gnoll sergeant hits you from afar with a +2 antimagic spear.
Erica points at you and mumbles some strange words.
You easily resist.
You hit the gnoll. You slash Erica! You block the orc's attack.
You block the gnoll sergeant's attack. The gnoll barely misses you.
The gnoll closely misses you. You block Erica's attack.
The orc barely misses you.
You barely miss the gnoll. You slash the gnoll! You hit Erica.
The gnoll sergeant hits you from afar with a +2 antimagic spear!
You block the gnoll's attack. The gnoll hits you with a +0 flail.
Erica barely misses you. The orc hits you but does no damage.
Your plate armour prevents you from hitting the gnoll.
You slash Erica! You hit the gnoll.
You kill the gnoll!
You block the gnoll sergeant's attack. The gnoll hits you with a +0 flail!
You block Erica's attack. You block the orc's attack.
The gnoll sergeant hits you but does no damage.
You hit the gnoll. You slash Erica! The gnoll hits you but does no damage.
Erica hits you with a +4 scimitar of flaming!
Erica burns you. The orc hits you but does no damage.
The gnoll sergeant hits you from afar with a +2 antimagic spear.
You are too injured to fight recklessly!
You are too injured to fight recklessly!
You are too injured to fight recklessly!
You are too injured to fight recklessly!
You are too injured to fight recklessly!
You are too injured to fight recklessly!
You are too injured to fight recklessly!
You are too injured to fight recklessly!
You are too injured to fight recklessly!
You are too injured to fight recklessly!
Unknown command.
You feel very mighty all of a sudden. You block the gnoll's attack.
You block Erica's attack. The orc hits you but does no damage.
The gnoll sergeant hits you from afar with a +2 antimagic spear.
You feel your power leaking away.
You slash Erica! You slash the gnoll!
You kill the gnoll!
Erica hits you but does no damage. You block the orc's attack.
You block the gnoll sergeant's attack.
Your plate armour prevents you from hitting Erica.
Erica casts a spell at herself.
Erica flickers and vanishes!
Deactivating autopickup; reactivate with Ctrl-A.
The orc hits you from afar with a +0 trident.
You block the gnoll sergeant's attack.
You hear some strange, mumbled words.
A bolt of poison appears from out of thin air!
The bolt of poison hits you!
You are poisoned.
You closely miss something. You block the orc's attack.
You block the gnoll sergeant's attack. Something hits you. Something burns you.
The orc hits you but does no damage.
It was a potion of degeneration.
There was something very wrong with that liquid.
You feel weakened.
You feel dopey.
You feel clumsy.
The gnoll sergeant hits you but does no damage.
You hear some strange, mumbled words.
A bolt of poison appears from out of thin air!
The bolt of poison hits you!!
You are more poisoned.
* * * LOW HITPOINT WARNING * * *
The orc barely misses you.
Unknown command.
It was a potion of flight.
You feel very buoyant.
You fly up into the air.
You block the gnoll sergeant's attack. Something hits you but does no damage.
The orc hits you but does no damage.
You miss something.
The gnoll sergeant hits you but does no damage.
Something hits you.
* * * LOW HITPOINT WARNING * * *
Something burns you. The orc barely misses you.
You miss something.
The gnoll sergeant hits you from afar with a +2 antimagic spear.
You die...

, ** , , ,
##.....* *..., ,
,,* #...... .. **
* #...#.. #.# , ,
#...... #..* , *
.......## ..## * ,
* ,#.......#
...##.. ,,,, *
,........##.......
,, , * ,
.......<)@.......,
, ,
.........{)......
,
.......og........
,
............<....,
,.................
, ,
,.....<...........
*
...............##
,
................,,
* ** * , ,


You could see a gnoll sergeant and an orc.

Vanquished Creatures
  Pikel (D:4)
  A gargoyle (D:5)
  A steam dragon (D:8)
  2 water moccasins
  An orc warrior (D:6)
  2 ice beasts
  A black bear (D:4)
  3 necrophages
  3 ogres
  A phantom (D:4)
  A kobold brigand (D:7)
  Blork the orc (D:6)
  4 bullfrogs
  A gnoll sergeant (D:7)
  3 water moccasin zombies
  3 scorpions
  3 killer bees (D:7)
  10 wights
  A howler monkey (D:7)
  A centaur zombie (Ossuary)
  A human zombie (Ossuary)
  3 hounds
  A jelly (D:4)
  A gnoll shaman (D:7)
  2 bullfrog skeletons
  A centaur skeleton (D:7)
  2 iguanas (D:5)
  4 orc wizards
  A killer bee zombie (D:5)
  A hound skeleton (D:4)
  2 mummies (Ossuary)
  A howler monkey zombie (D:4)
  3 adders
  8 gnolls
  A howler monkey skeleton (D:6)
  2 shadow imps (D:7)
  A white imp (D:6)
  2 ufetubi
  3 dart slugs
  19 orcs
  2 ball pythons
  An endoplasm (D:4)
  2 giant cockroaches
  3 goblins (D:2)
  A hobgoblin (D:4)
  8 kobolds
  A quokka (D:5)
  2 bats
  A frilled lizard (D:2)
  A goblin zombie (Ossuary)
  A hobgoblin zombie (Ossuary)
  A kobold zombie (Ossuary)
  An orc zombie (Ossuary)
  A quokka skeleton (D:4)
129 creatures vanquished.

Notes
Turn   | Place    | Note
-------+----------+-------------------------------------------
     0 | D:1      | armax the Deep Dwarf Fighter began the quest for the Orb.
     0 | D:1      | Reached XP level 1. HP: 20/20 MP: 1/1
   356 | D:2      | Reached XP level 2. HP: 16/27 MP: 2/2
   551 | D:3      | Reached XP level 3. HP: 34/34 MP: 3/3
   660 | D:4      | Noticed a necrophage
   665 | D:4      | Reached XP level 4. HP: 28/42 MP: 4/4
   668 | D:4      | Noticed a phantom
   683 | D:4      | Killed a phantom
   684 | D:4      | Reached XP level 5. HP: 27/49 MP: 5/5
   688 | D:4      | Killed a necrophage
   692 | D:4      | Reached XP level 6. HP: 51/57 MP: 5/5
   823 | D:4      | Reached skill level 5 in Armour
   851 | D:4      | Reached skill level 5 in Shields
   878 | D:4      | Found a sand-covered staircase.
   909 | D:4      | Noticed Pikel
   932 | Ossuary  | Entered an ossuary
   995 | Ossuary  | Reached XP level 7. HP: 38/64 MP: 6/6
  1118 | D:4      | Killed Pikel
  1119 | D:4      | Reached skill level 5 in Fighting
  1119 | D:4      | Reached skill level 5 in Axes
  1119 | D:4      | Reached XP level 8. HP: 41/74 MP: 7/7
  1509 | D:5      | Entered Level 5 of the Dungeon
  1817 | D:5      | Found a runed translucent gate.
  1817 | D:5      | Found a runed translucent gate.
  1844 | D:5      | Found a runed translucent gate.
  1847 | D:5      | Noticed Orlauf's ghost (novice DsGl)
  1872 | D:5      | Identified the +6 dagger of the Scroll {speed, rPois rF++
                  | Str+4}
  1980 | D:5      | Noticed a gargoyle
  1996 | D:5      | Killed a gargoyle
  2214 | D:5      | Gained mutation: You passively map the area around you.
                  | [Deep Dwarf growth]
  2214 | D:5      | Reached XP level 9. HP: 35/82 MP: 6/6
  2861 | D:6      | Noticed Blork the orc
  2878 | D:6      | Killed Blork the orc
  2881 | D:6      | Found a staircase to the Ecumenical Temple.
  2935 | Temple   | Entered the Ecumenical Temple
  3418 | D:7      | Found an opulent altar of Gozag.
  4106 | D:7      | Reached XP level 10. HP: 54/84 MP: 6/6
  4218 | D:8      | Noticed Erica
  4238 | D:8      | HP: 1/88 [something (5)]
  4239 | D:8      | Slain by a gnoll sergeant

Illustrated notes

Levels and vault maps discovered:
D:1:      dpeg_arrival_circle_labyrinth_c, layout_loops_ring,
          shapermc_ecumenical_altar_mp_vishouse
D:2:      layout_basic, serial_bayou_pond_e, minmay_pentomino_w4
D:3:      layout_basic, grunt_temple_overflow_open
D:4:      layout_loops_cross, nicolae_ossuary_entry_plus, chequers_jeans,
          minmay_misc_feat_encased, minmay_bent, uniq_pikel
D:5:      layout_basic, gammafunk_ghost_split, hangedman_abyss_or_decor_stabs
D:6:      layout_loops_ring, minmay_temple_entry_large_hall, uniq_blork_the_orc
D:7:      cheibrodos_quashed, layout_basic, nicolae_gozag_seed_capital,
          grunt_decor_cap, minmay_circle_x
D:8:      layout_cave_pools, lemuel_zombie_altar_yredelemnul, uniq_erica
Temple:   regret_index_temple_waves

Skill      XL: |  1  2  3  4  5  6  7  8  9 10 |
---------------+-------------------------------+-----
Fighting       | 3 4 5 6 |  6.6
Axes           | 3 4 5 7 8 9 |  9.0
Armour         | 4 5 6 7 |  7.9
Shields        | 4 5 6 7 9 |  9.3

Action                   |  1- 3 |  4- 6 |  7- 9 | 10-12 || total
-------------------------+-------+-------+-------+-------++-------
Melee: War axe           |    57 |    58 |   418 |    23 ||   556
 Abil: Heal Wounds       |     1 |     3 |    20 |     2 ||    26
  Use: Scroll            |       |       |     2 |       ||     2
       Potion            |       |       |       |     3 ||     3
Armor: Scale mail        |    36 |    27 |       |       ||    63
       Plate armour      |       |    39 |   244 |    29 ||   312
Dodge: Dodged            |    33 |    16 |    69 |    18 ||   136
Block: Kite shield       |    42 |    60 |   251 |    36 ||   389

Table legend: (Time is in decaauts)
 A = Elapsed time spent in this place.
 B = Non-inter-level travel time spent in this place.
 C = Inter-level travel time spent in this place.
 D = Time resting spent in this place.
 E = Time spent auto-exploring this place.
 F = Levels seen in this place.
 G = Mean time per level.
                   A        B        C        D        E       F      G
               +--------+--------+--------+--------+--------+-----+--------+
         Total |   4431 |   4288 |    143 |      0 |   3143 |  10 |  443.1 |
       Dungeon |   4104 |   3964 |    140 |      0 |   2908 |   8 |  513.0 |
        Temple |    137 |    134 |      3 |      0 |    133 |   1 |  137.0 |
       Ossuary |    188 |    188 |      0 |      0 |    102 |   1 |  188.0 |
               +--------+--------+--------+--------+--------+-----+--------+

Top non-repeatable levels by time:
     D:5: 1014 daAuts
     D:7: 888 daAuts
     D:6: 763 daAuts
     D:4: 752 daAuts
     D:2: 266 daAuts
     D:1: 256 daAuts
 Ossuary: 188 daAuts
  Temple: 137 daAuts
     D:3: 129 daAuts
     D:8: 33 daAuts
